 Dungeon Crawl Stone Soup version 0.28.0-53-g5a82cb258f (webtiles) character file.

Game seed: 4911997339612435365

4499 Ovid the Gusty (level 10, 0/77 HPs)
             Began as a Black Draconian Air Elementalist on June 20, 2022.
             Was an Elder of Nemelex Xobeh.
             Succumbed to a water moccasin's poison
             ... on level 9 of the Dungeon.
             The game lasted 01:03:13 (9794 turns).

Ovid the Gusty (Black Draconian Air Elementalist)   Turns: 9794, Time: 01:03:13

Health: 0/77       AC: 13    Str: 10    XL:     10   Next: 16%
Magic:  17/18      EV: 13    Int: 20    God:    Nemelex Xobeh [****..]
Gold:   332        SH:  0    Dex: 12    Spells: 2/19 levels left

rFire   . . .      SeeInvis .   c - +6 scythe (pain)
rCold   . . .      Faith    .   (shield currently unavailable)
rNeg    . . .      Spirit   .   (armour unavailable)
rPois   .          Reflect  .   e - +1 hat
rElec   +          Harm     .   C - +1 cloak
rCorr   .          Rampage  .   w - +2 pair of gloves
Will    .....                   (no boots)
Stlth   ++........              (no amulet)
HPRegen 0.22/turn               (no ring)
MPRegen 0.16/turn               (no ring)

@: mighty, lethally poisoned (0 -> -36)
A: breathe lightning, AC +7, unfitting armour, electricity resistance,
cold-blooded
a: Breathe Lightning, Renounce Religion, Draw Escape, Draw Destruction, Draw
Summoning, Triple Draw, Deal Four


You were on level 9 of the Dungeon.
You worshipped Nemelex Xobeh.
Nemelex Xobeh was greatly pleased with you.
You visited 1 branch of the dungeon, and saw 9 of its levels.

You collected 446 gold pieces.
You spent 114 gold pieces at shops.

Inventory:

Hand Weapons
 c - a +6 scythe of pain (weapon)
 t - a +4 hand crossbow
Missiles
 m - 5 boomerangs (quivered)
 o - 167 stones
Armour
 e - a +1 hat (worn)
 w - a +2 pair of gloves (worn)
 B - a scarf of repulsion
 C - a +1 cloak (worn)
Jewellery
 i - a ring of positive energy
 n - a ring of willpower
 E - a ring of flight
Wands
 h - a wand of flame (36)
 u - a wand of mindburst (2)
 z - a wand of paralysis (8)
Scrolls
 g - a scroll of summoning {unknown}
 p - 5 scrolls of teleportation
 r - a scroll of silence {unknown}
 v - a scroll of enchant armour {unknown}
 x - a scroll of immolation {unknown}
 y - 2 scrolls of fog {unknown}
 A - 2 scrolls of vulnerability {unknown}
 D - 2 scrolls of magic mapping {unknown}
Potions
 a - a potion of ambrosia {unknown}
 b - 3 potions of brilliance {unknown}
 f - 2 potions of lignification
 j - a potion of flight {unknown}
 k - a potion of might
 l - a potion of berserk rage
 q - 2 potions of degeneration {unknown}
 s - a potion of mutation {unknown}


   Skills:
 * Level 3.3 Fighting
 * Level 4.2 Polearms
 * Level 2.9 Throwing
 * Level 3.8 Dodging
 * Level 3.9 Stealth
 * Level 5.3 Spellcasting
 * Level 4.0 Conjurations
 * Level 2.3 Summonings
 * Level 3.1 Necromancy
 * Level 2.5 Transmutations
 * Level 7.1 Air Magic
 * Level 2.3 Earth Magic
 * Level 3.4 Poison Magic
 * Level 3.7 Invocations
 * Level 3.1 Evocations


You had 2 spell levels left.
You knew the following spells:

 Your Spells              Type           Power      Damage    Failure   Level
a - Airstrike             Air            17%        N/A       6%          4
b - Irradiate             Conj/Tmut      9%         3d17      63%         5
c - Fulminant Prism       Conj/Hex       6%         3d7       43%         4
d - Sandblast             Erth           28%        2d8       4%          1
e - Call Canine Familiar  Summ           14%        N/A       13%         3

Your spell library contained the following spells:

 Spells                   Type           Power      Damage    Failure   Level
 Shock                    Conj/Air       100%       1d9       1%          1
 Poisonous Vapours        Pois/Air       52%        N/A       1%          2
 Static Discharge         Conj/Air       27%        N/A       1%          2
 Magic Dart               Conj           84%        1d7       2%          1
 Pain                     Necr           72%        1d7       3%          1
 Sting                    Tmut/Pois      68%        1d6       3%          1
 Searing Ray              Conj           42%        2d6       3%          2
 Sublimation of Blood     Necr           18%        N/A       4%          2
 Passwall                 Tmut/Erth      12%        N/A       6%          2
 Swiftness                Air            34%        N/A       1%          3
 Stone Arrow              Conj/Erth      36%        3d9       9%          3
 Dazzling Flash           Conj/Hex       26%        N/A       14%         3
 Olgreb's Toxic Radiance  Pois           19%        N/A       26%         4
 Portal Projectile        Hex/Tloc       10%        N/A       32%         3
 Petrify                  Tmut/Erth      15%        N/A       38%         4
 Leda's Liquefaction      Hex/Erth       5%         N/A       56%         4
 Silence                  Hex/Air        9%         N/A       56%         5
 Agony                    Necr           18%        N/A       63%         5
 Excruciating Wounds      Necr           9%         N/A       63%         5


Dungeon Overview and Level Annotations

Branches:
Dungeon (9/15)             Temple (0/1) D:6
   Lair: D:8-11         Orc: D:9-12

Altars:
Ashenzari
Elyvilon
Gozag
Makhleb
Nemelex Xobeh
Okawaru
Qazlal
Sif Muna
Trog
Uskayaw
Vehumet
Zin

Shops:
D:5 *   D:7 (   D:8 *[

Annotations:
D:7 Crazy Yiuf


Innate Abilities, Weirdness & Mutations

You can breathe wild blasts of lightning.
Your glossy black scales are hard. (AC +7)
You cannot fit into any form of body armour.
You are resistant to electric shocks. (rElec)
You are cold-blooded and may be slowed by cold attacks.


Message History

The orc barely misses you.
Your -1 quarterstaff hits the killer bee!
The killer bee dies!
The hornet stings you!
You feel yourself slow down. The water moccasin bites you!
You feel yourself speed up.
You have got your breath back.
The hornet stings you!
You are poisoned.
You suddenly lose the ability to move!
Your -1 quarterstaff barely misses the water moccasin.
The water moccasin bites you.
You are more poisoned.
The water moccasin poisons you!
The orc hits your -1 quarterstaff with a +0 club.
You feel extremely sick. The hornet stings you!
You are lethally poisoned!
You feel yourself slow down. The water moccasin bites you.
Your -1 quarterstaff hits the water moccasin!!
The orc misses your -1 quarterstaff.
You can move again.
You draw a card...
You have drawn the Cloud.
Clouds appear around you!
* * * LOW HITPOINT WARNING * * *
You feel extremely sick. The water moccasin bites you.
* * * LOW HITPOINT WARNING * * *
You are more poisoned.
The water moccasin poisons you!
The hornet stings you but does no damage.
The water moccasin bites you.
* * * LOW HITPOINT WARNING * * *
Your -1 quarterstaff hits the water moccasin!!
The water moccasin dies!
The hornet stings you but does no damage.
The orc closely misses you.
It was a potion of might.
You feel very mighty all of a sudden.
You feel yourself speed up.
You die...
Your body glows with a rainbow of weird colours and disappears.

##..# ..... .....##
......... #.....##
....##... .....##
......... ##...##
##......##
#..<..######.........
###...........§......
#..........§(§......
#..........@o§...##
#..........oy§...#
###...#....§§§..##
#...###.......o#
##... #........o.
#.... #........#..
#...>......#####...
......# ..


You could see a hornet (poisoned, slow, ally target), 2 orcs and a friendly -1
quarterstaff (summoned).

Vanquished Creatures
  Maggie (D:7)
  Grinder (D:3)
  Sigmund (D:2)
  3 wyverns
  A fire bat (D:7)
  A basilisk (D:7)
  3 steam dragons (D:6)
  A water moccasin (D:7)
  2 orc warriors
  A black bear (D:7)
  A sky beast (D:5)
  5 ogres
  A necrophage (D:6)
  A tengu (D:8)
  A kobold brigand (D:8)
  2 bullfrogs (D:7)
  2 scorpions
  2 wyvern skeletons (D:5)
  A killer bee (D:9)
  3 howler monkeys (D:7)
  2 centaur zombies
  A centaur skeleton (D:5)
  3 orc priests (D:5)
  2 hounds
  3 iguanas
  7 orc wizards
  Natasha (D:3)
  3 adders
  A shadow imp (D:6)
  2 white imps (D:6)
  A dart slug (D:3)
  A worm (D:4)
  35 orcs
  3 bats
  8 endoplasms
  3 giant cockroaches
  6 goblins
  4 hobgoblins
  2 quokkas (D:2)
  7 ball pythons
  A frilled lizard (D:1)
  20 kobolds
  4 rats (D:2)
154 creatures vanquished.

Vanquished Creatures (collateral kills)
  2 water moccasins
  A centaur (D:8)
  2 killer bees (D:9)
  Jessica (D:3)
  Natasha (D:3)
  An adder (D:3)
  An endoplasm (D:3)
9 creatures vanquished.

Vanquished Creatures (others)
  6 plants
6 creatures vanquished.

Grand Total: 169 creatures vanquished

Notes
Turn   | Place    | Note
-------+----------+-------------------------------------------
     0 | D:1      | Ovid the Draconian Air Elementalist began the quest for the
                  | Orb.
     0 | D:1      | Reached XP level 1. HP: 14/14 MP: 3/3
   311 | D:1      | Reached XP level 2. HP: 19/20 MP: 0/5
   371 | D:1      | Learned a level 2 spell: Static Discharge
   755 | D:1      | Found a faded altar of an unknown god.
   767 | D:1      | Prayed at the altar of an unknown god.
   767 | D:1      | Became a worshipper of Nemelex Xobeh the Trickster
   767 | D:1      | Reached * piety under Nemelex Xobeh
  1186 | D:2      | Received a gift from Nemelex Xobeh
  1320 | D:2      | Learned a level 2 spell: Poisonous Vapours
  1404 | D:2      | Reached XP level 3. HP: 16/26 MP: 0/6
  1587 | D:2      | Noticed Sigmund
  1598 | D:2      | Killed Sigmund
  1599 | D:2      | Reached skill level 4 in Air Magic
  1599 | D:2      | Reached skill level 1 in Poison Magic
  1599 | D:2      | Reached skill level 1 in Invocations
  1599 | D:2      | Reached XP level 4. HP: 33/33 MP: 2/8
  1599 | D:2      | Reached XP level 5. HP: 38/38 MP: 2/9
  1898 | D:2      | Learned a level 4 spell: Airstrike
  2142 | D:2      | Reached ** piety under Nemelex Xobeh
  2628 | D:3      | Found a stormy altar of Qazlal.
  2742 | D:3      | Found a radiant altar of Vehumet.
  2963 | D:3      | Found an iron altar of Okawaru.
  2963 | D:3      | Noticed Natasha
  2969 | D:3      | Killed Natasha
  3075 | D:3      | Learned a level 1 spell: Sandblast
  3090 | D:3      | Noticed Jessica
  3099 | D:3      | Reached XP level 6. HP: 46/46 MP: 10/10
  3099 | D:3      | Killed Jessica
  3121 | D:3      | Found a sparkling altar of Nemelex Xobeh.
  3187 | D:3      | Noticed Natasha
  3196 | D:3      | Killed Natasha
  3610 | D:3      | Found a white marble altar of Elyvilon.
  3877 | D:3      | Noticed Grinder
  3893 | D:3      | Killed Grinder
  3894 | D:3      | Reached skill level 1 in Fighting
  3894 | D:3      | Reached skill level 1 in Polearms
  3894 | D:3      | Reached skill level 1 in Evocations
  3894 | D:3      | Your scales start taking on a glossy black colour.
  3894 | D:3      | Reached skill level 5 in Air Magic
  3894 | D:3      | Reached XP level 7. HP: 17/52 MP: 5/12
  3894 | D:3      | Gained mutation: You are resistant to electric shocks.
                  | (rElec) [Black Draconian growth]
  4401 | D:4      | Received a gift from Nemelex Xobeh
  4473 | D:4      | Found a hide-covered altar of Uskayaw.
  4531 | D:4      | Found an opulent altar of Gozag.
  4660 | D:4      | Reached skill level 1 in Throwing
  4660 | D:4      | Reached skill level 1 in Necromancy
  4690 | D:4      | Found a burning altar of Makhleb.
  4811 | D:4      | Reached *** piety under Nemelex Xobeh
  4990 | D:4      | Learned a level 5 spell: Irradiate
  5199 | D:5      | Entered Level 5 of the Dungeon
  5249 | D:5      | Found a glowing silver altar of Zin.
  5263 | D:5      | Reached skill level 1 in Earth Magic
  5267 | D:5      | Reached XP level 8. HP: 58/59 MP: 13/13
  5583 | D:5      | Received a gift from Nemelex Xobeh
  5768 | D:5      | Learned a level 3 spell: Call Canine Familiar
  5771 | D:5      | Reached skill level 1 in Transmutations
  5772 | D:5      | Found Dost's General Store.
  5803 | D:5      | Bought a scroll of teleportation for 45 gold pieces
  5803 | D:5      | Bought a potion of lignification for 45 gold pieces
  6375 | D:6      | Reached skill level 6 in Air Magic
  6563 | D:6      | Received a gift from Nemelex Xobeh
  6643 | D:6      | Found a staircase to the Ecumenical Temple.
  6891 | D:6      | Reached skill level 1 in Summonings
  6891 | D:6      | Reached XP level 9. HP: 33/68 MP: 15/15
  7523 | D:6      | Reached **** piety under Nemelex Xobeh
  7616 | D:6      | Learned a level 4 spell: Fulminant Prism
  7782 | D:7      | Found Jiskyj Cusm's Antique Weapon Shoppe.
  7978 | D:7      | Received a gift from Nemelex Xobeh
  8134 | D:7      | Reached skill level 5 in Spellcasting
  8538 | D:7      | Found a bloodstained altar of Trog.
  8538 | D:7      | Found a broken altar of Ashenzari.
  8619 | D:7      | Noticed Maggie
  8630 | D:7      | Killed Maggie
  8835 | D:7      | Reached skill level 7 in Air Magic
  8989 | D:7      | Found a runed translucent door.
  8990 | D:7      | Noticed Crazy Yiuf
  9236 | D:8      | Reached XP level 10. HP: 45/77 MP: 6/17
  9244 | D:8      | Found Houpud's Armour Shoppe.
  9258 | D:8      | Found Wager's Assorted Antiques.
  9304 | D:8      | Received a gift from Nemelex Xobeh
  9308 | D:8      | Bought a scroll labelled UPIGIZEIQE for 24 gold pieces
  9356 | D:8      | Found a shimmering blue altar of Sif Muna.
  9451 | D:8      | Identified the +2 robe "Hoosh" {rPois Str+6 Int-2 Archmagi}
  9791 | D:9      | Paralysed by a hornet for 2 turns
  9794 | D:9      | Succumbed to a water moccasin's poison

Illustrated notes

Levels and vault maps discovered:
D:1:      amcnicky_arrival_choice, layout_loops_ring,
          shapermc_ecumenical_altar_notcrosses, hex_large
D:2:      minmay_door_path, layout_basic, nicolae_underground_beach,
          uniq_sigmund
D:3:      layout_basic, okawaru_ov_weapons_minmay,
          mainiacjoe_overflow_boulevard, vehumet_altar_wand_db,
          mainiacjoe_overflow_surrounded_room,
          mainiacjoe_overflow_concentric_impassable, uniq_natasha, uniq_jessica,
          uniq_grinder
D:4:      layout_gridville, mainiacjoe_overflow_alcove_2,
          general_overflow_altar, mainiacjoe_overflow_alcove_4
D:5:      layout_loops_ring, old_standard_altar, serial_shops,
          nicolae_square_shop, minmay_misc_feat_secret_circle
D:6:      cheibrodos_steamvent, layout_basic, temple_fountains
D:7:      layout_basic, mainiacjoe_overflow_divided_tiny, serial_shops,
          nicolae_square_shop, uniq_crazy_yiuf_cottage, uniq_maggie
D:8:      layout_rooms, old_standard_altar, serial_shops, shop,
          nicolae_stop_n_shop_1, kennysheep_decorative_pillar,
          lemuel_old_faithful
D:9:      layout_cave_pools, kennysheep_cross_bottleneck,
          minmay_misc_feat_plants, nrook_campfire

Skill      XL: |  1  2  3  4  5  6  7  8  9 10 |
---------------+-------------------------------+-----
Dodging        | 2 3 |  3.8
Stealth        | 2 3 |  3.9
Spellcasting   | 3 4 5 |  5.3
Conjurations   | 2 3 4 |  4.0
Air Magic      | 4 5 6 7 |  7.1
Poison Magic   | 1 2 3 |  3.4
Invocations    | 1 2 3 |  3.7
Fighting       | 1 2 3 |  3.3
Polearms       | 1 2 3 4 |  4.2
Evocations     | 1 2 3 |  3.1
Throwing       | 1 2 |  2.9
Necromancy     | 1 2 3 |  3.1
Earth Magic    | 1 2 |  2.3
Transmutations | 1 2 |  2.5
Summonings     | 1 2 |  2.3

Action                   |  1- 3 |  4- 6 |  7- 9 | 10-12 || total
-------------------------+-------+-------+-------+-------++-------
Melee: Unarmed           |     1 |       |       |       ||     1
       Scythe            |       |    37 |    81 |    19 ||   137
       Tailslap          |       |     2 |    10 |     1 ||    13
Throw: Boomerang         |       |     4 |    73 |       ||    77
       Dart              |       |       |       |     2 ||     2
 Cast: Shock             |    25 |       |       |       ||    25
       Static Discharge  |    13 |    12 |       |       ||    25
       Poisonous Vapours |     4 |    10 |       |       ||    14
       Airstrike         |       |     2 |    34 |     6 ||    42
Invok: Draw Destruction  |     2 |       |    25 |     2 ||    29
       Draw Summoning    |       |     1 |     1 |     3 ||     5
       Draw Escape       |       |       |     6 |     1 ||     7
 Abil: Breathe Lightning |       |       |    37 |     5 ||    42
Evoke: Wand              |       |     3 |    17 |     2 ||    22
  Use: Scroll            |     1 |     5 |     8 |       ||    14
       Potion            |       |     2 |     4 |     1 ||     7
 Stab: Sleeping          |       |     2 |       |       ||     2
       Paralysed         |       |       |       |     2 ||     2
Armor: Skin              |    20 |    26 |    97 |    21 ||   164
Dodge: Dodged            |    32 |    35 |   118 |    32 ||   217
